 Dungeon Crawl Stone Soup version 0.27-a0-780-geb8d7bc690 (webtiles) character file.

Game seed: 9841699674717951998

63 Glokmah the Magician (level 4, -8/32 HPs)
             Began as a Djinni Fire Elementalist on Mar 26, 2021.
             Mangled by Crazy Yiuf
             ... wielding a +3 quarterstaff of chaos
              (15 damage)
             ... on level 2 of the Dungeon.
             The game lasted 00:05:22 (2696 turns).

Glokmah the Magician (Djinni Fire Elementalist)     Turns: 2696, Time: 00:05:24

Health: -8/32      AC:  2    Str:  7    XL:     4   Next: 10%
Gold:   71         EV: 12    Int: 17    God:
                   SH:  0    Dex: 14

rFire    + + .     SeeInvis .   l - +0 spear
rCold    x . .     Faith    .   (no shield)
rNeg     . . .     Spirit   .   a - +0 robe
rPois    ∞         Reflect  .   (no helmet)
rElec    .         Harm     .   (no cloak)
rCorr    .         Rampage  .   (no gloves)
Will     .....                  (boots unavailable)
Stlth    ++........             (no amulet)
HPRegen  0.10/turn              (no ring)
MPRegen  0.00/turn              (no ring)

@: flying
A: fire resistance 2, cold vulnerability 1, float, innate caster, hp casting,
extra vitality 1
a: no special abilities


You were on level 2 of the Dungeon.
You visited 1 branch of the dungeon, and saw 2 of its levels.

You collected 71 gold pieces.

Inventory:

Hand Weapons
 c - a +0 dagger
 l - a +0 spear (weapon)
Missiles
 d - 26 stones
 g - 11 bolts
Armour
 a - a +0 robe (worn)
Magical Staves
 j - a staff of death
Scrolls
 b - 2 scrolls of identify {unknown}
 f - 2 scrolls of fear {unknown}
 m - a scroll of blinking {unknown}
 o - a scroll of enchant weapon {unknown}
 q - 2 scrolls of teleportation {unknown}
 t - a scroll of noise {unknown}
Potions
 e - a potion of brilliance {unknown}
 h - a potion of heal wounds {unknown}
 i - 2 potions of curing {unknown}
 k - 3 potions of lignification {unknown}
 n - 2 potions of mutation {unknown}
 p - a potion of haste {unknown}
 r - a potion of might {unknown}
 s - a potion of berserk rage {unknown}


   Skills:
 + Level 1.3 Fighting
 + Level 1.3 Armour
 + Level 2.8 Dodging
 - Level 1.5 Stealth
 * Level 3.3 Spellcasting


You couldn't memorise any spells.
You knew the following spells:

 Your Spells              Type           Power      Damage    Failure   Level
a - Foxfire               Conj/Fire      56%        2x1d6     4%          1
b - Conjure Flame         Conj/Fire      14%        6-21      13%         3
c - Inner Flame           Hex/Fire       14%        N/A       13%         3
d - Sticky Flame          Conj/Fire      14%        2d4       38%         4
e - Fireball              Conj/Fire      7%         3d5       75%         5
f - Beastly Appendage     Tmut           28%        N/A       4%          1
Your spell library was empty.

Dungeon Overview and Level Annotations

Branches:
Dungeon (2/15)

Altars:

Annotations:
D:2 Crazy Yiuf


Innate Abilities, Weirdness & Mutations

You are immune to poison.
Your flesh is very heat resistant. (rF++)
You are vulnerable to cold. (rC-)
You float through the air rather than walking.
You learn spells naturally, not from books.
Your magical power is your life essence.
You have superior vitality. (+4 HP)


Message History

Crazy Yiuf smothers the flame.
Casting: Conjure Flame (quite dangerous; 13% risk of failure)
Confirm with . or Enter, or press ? or * to list all spells.
You conjure some foxfire!
Crazy Yiuf misses you.
Your foxfire dissipates!
The foxfire hits Crazy Yiuf.
Crazy Yiuf is heavily wounded.
Crazy Yiuf cries, "Hah agre rumpyflump!"
Crazy Yiuf yells, "Powder rumpyflump alas!"
Crazy Yiuf says, "Goldfish foot ladder!"
Casting: Foxfire (safe; 4% risk of failure)
Confirm with . or Enter, or press ? or * to list all spells.
You conjure some foxfire!
The foxfire hits Crazy Yiuf.
Crazy Yiuf is heavily wounded.
The foxfire hits Crazy Yiuf.
Crazy Yiuf is heavily wounded.
Casting: Foxfire (safe; 4% risk of failure)
Confirm with . or Enter, or press ? or * to list all spells.
You conjure some foxfire!
Crazy Yiuf closely misses you.
The foxfire hits Crazy Yiuf.
Crazy Yiuf is severely wounded.
The foxfire hits Crazy Yiuf.
Crazy Yiuf is almost dead.
You hit Crazy Yiuf.
Crazy Yiuf is almost dead.
Crazy Yiuf barely misses you.
You hit Crazy Yiuf but do no damage.
Crazy Yiuf is almost dead.
Crazy Yiuf hits you with a +3 quarterstaff of chaos!
* * * LOW HITPOINT WARNING * * *
Crazy Yiuf burns you.
* * * LOW HITPOINT WARNING * * *
Casting: Foxfire (safe; 4% risk of failure)
Confirm with . or Enter, or press ? or * to list all spells.
You conjure some foxfire!
* * * LOW HITPOINT WARNING * * *
Crazy Yiuf cries, "Scoff aubergine hog!"
Crazy Yiuf hits you with a +3 quarterstaff of chaos!
You die...

#.#.## #.###.#..♣.♣♣♣
#.#..# #.# ###♣♣♣♣♣
#.##.# #.# #.##.# #.#
####### ##
#.##.###.###.....## #.
#........##.>.....###.
###...####.........##.
#..vg...+.........'..
##.v@####.........###
##.## ##.......## #.#
##.....## #.# ##...##
#.#########'##
###)##........#
###....#.######.#
#......#........##
#.#.##.#..####...####


You could see Crazy Yiuf (ally target).

Vanquished Creatures
  2 adders (D:2)
  A worm (D:2)
  2 dart slugs
  2 endoplasms (D:2)
  2 giant cockroaches
  5 goblins
  2 hobgoblins
  4 jackals (D:1)
  5 ball pythons (D:1)
  4 bats
  4 frilled lizards
  3 kobolds (D:1)
  3 rats (D:2)
39 creatures vanquished.

Vanquished Creatures (others)
  90 foxfires
  A fungus (D:2)
91 creatures vanquished.

Grand Total: 130 creatures vanquished

Notes
Turn   | Place    | Note
-------+----------+-------------------------------------------
     0 | D:1      | Glokmah the Djinni Fire Elementalist began the quest for
                  | the Orb.
     0 | D:1      | Reached XP level 1. HP: 15/15 MP: 0/0
   200 | D:1      | Reached XP level 2. HP: 17/22 MP: 0/0
   562 | D:1      | Reached skill level 3 in Spellcasting
  1195 | D:1      | Reached XP level 3. HP: 24/26 MP: 0/0
  1195 | D:1      | Learned a level 1 spell: Beastly Appendage
  1240 | D:1      | Reached skill level 1 in Fighting
  1260 | D:1      | Reached skill level 1 in Armour
  2183 | D:2      | Reached XP level 4. HP: 27/32 MP: 0/0
  2638 | D:2      | Found a runed translucent door.
  2639 | D:2      | Noticed Crazy Yiuf
  2696 | D:2      | Mangled by Crazy Yiuf

Illustrated notes

Levels and vault maps discovered:
D:1:      lemuel_arrival_river_ford, layout_basic, minmay_split_cup_large
D:2:      layout_loops_corners, uniq_crazy_yiuf_cottage

Skill      XL: |  1  2  3 |
---------------+----------+-----
Spellcasting   | 3 |  3.3
Fighting       | 1 |  1.3
Armour         | 1 |  1.3
Dodging        | |  2.8
Stealth        | |  1.5

Action                   |  1- 3 |  4- 6 || total
-------------------------+-------+-------++-------
Melee: Dagger            |    38 |     5 ||    43
       Staff             |     1 |       ||     1
       Spear             |     8 |     6 ||    14
 Cast: Foxfire           |    50 |    10 ||    60
       Conjure Flame     |     1 |     4 ||     5
 Stab: Sleeping          |       |     1 ||     1
Armor: Robe              |     8 |       ||     8
Dodge: Dodged            |    41 |     6 ||    47

Table legend: (Time is in decaauts)
 A = Elapsed time spent in this place.
 B = Non-inter-level travel time spent in this place.
 C = Inter-level travel time spent in this place.
 D = Time resting spent in this place.
 E = Time spent auto-exploring this place.
 F = Levels seen in this place.
 G = Mean time per level.
                   A        B        C        D        E       F      G
               +--------+--------+--------+--------+--------+-----+--------+
         Total |   2696 |   2580 |    116 |    174 |   1963 |   2 | 1348.0 |
       Dungeon |   2696 |   2580 |    116 |    174 |   1963 |   2 | 1348.0 |
               +--------+--------+--------+--------+--------+-----+--------+

Top non-repeatable levels by time:
     D:1: 1605 daAuts
     D:2: 1090 daAuts
